 Dungeon Crawl Stone Soup version 0.22.1-1-ga44c0e5 (webtiles) character file.

374 hubbardsc the Skirmisher (level 6, -3/66 HPs)
             Began as an Ogre Berserker on Oct 7, 2018.
             Was a Believer of Trog.
             Slain by an orc wizard
             ... wielding a +0 rapier
              (5 damage)
             ... on level 4 of the Dungeon.
             The game lasted 00:15:17 (3430 turns).

hubbardsc the Skirmisher (Ogre Berserker)           Turns: 3430, Time: 00:15:18

Health: -3/66      AC:  3    Str: 24    XL:     6   Next: 72%
Magic:  6/6        EV: 10    Int: 13    God:    Trog [**....]
Gold:   194        SH:  0    Dex:  6    Spells: 5/5 levels left

rFire    + . .     SeeInvis .   a - +0 hand axe
rCold    . . .     Gourm    .   (no shield)
rNeg     . . .     Faith    .   b - +0 animal skin
rPois    .         Spirit   .   (helmet restricted)
rElec    .         Reflect  .   (no cloak)
rCorr    .         Harm     .   (gloves unavailable)
MR       .....                  (boots unavailable)
Stlth    +.........             (no amulet)
HPRegen  0.21/turn              j - ring of protection from fire
MPRegen  0.10/turn              (no ring)

@: brilliant, berserk cooldown, slowed, very slow
A: large, unfitting armour, claws 1, hooves 1, clumsy 1, tough skin 1, wild
magic 1
a: Berserk, Trog's Hand, Renounce Religion


You were on level 4 of the Dungeon.
You worshipped Trog.
Trog was pleased with you.
You were not hungry.

You visited 1 branch of the dungeon, and saw 4 of its levels.

You collected 194 gold pieces.

Inventory:

Hand Weapons
 a - a +0 hand axe (weapon)
 l - a +0 hand axe
Missiles
 i - 5 poisoned tomahawks (quivered)
Armour
 b - a +0 animal skin (worn)
 e - a +0 pair of boots
Jewellery
 j - a ring of protection from fire (left claw)
Scrolls
 d - 6 scrolls of identify
 h - a scroll of remove curse
 m - a scroll of teleportation {unknown}
Comestibles
 c - 2 rations


   Skills:
 + Level 5.5 Fighting
 + Level 5.3 Axes
 + Level 4.5 Dodging
 + Level 0.2 Stealth


You had 5 spell levels left.
You didn't know any spells.
Your spell library was empty.

Dungeon Overview and Level Annotations

Branches:
Dungeon (4/15)
 Temple: D:4-7

Altars:

Annotations:
D:4 Grinder


Innate Abilities, Weirdness & Mutations

You are too large for most types of armour.
You have tough skin. (AC +1)
You have sharp fingernails.
You have large cloven feet.
You are clumsy. (Dex -2)
Your spells are a little harder to cast, but a little more powerful.


Message History

Pain shoots through your body! The orc wizard hits you with a dagger.
An orc comes into view. It is wielding a mace.
You feel clever all of a sudden.
The orc wizard gestures at you while chanting.
The magic dart hits you!
* * * LOW HITPOINT WARNING * * *
The orc barely misses you. The orc wizard casts a spell at you.
The magic dart hits you!
* * * LOW HITPOINT WARNING * * *
Grinder hits you but does no damage. The orc wizard barely misses you.
The orc hits you with a club.
* * * LOW HITPOINT WARNING * * *
The orc wizard completely misses you.
You feel extremely strange.
Your fingernails lengthen.
You feel clumsy.
Your feet thicken and deform.
You feel less in control of your magic.
The frilled lizard bites you but does no damage.
The orc wizard hits you with a rapier.
You die...

#..#######....####.#
#..# #..###
o.#####†.## #..#
..........# #..#
......o...# #..#
..#####.#)# #..#
#†#Z# ####..#
#.oo#.......#
##.@..# #.##
#5ol......
#..........
#>..%.##### #..####
##.# #.# #.


You could see Grinder, 2 orc wizards, 2 orcs, a frilled lizard and a quokka
skeleton.

Vanquished Creatures
  A hungry ghost (D:3)
  A crimson imp (D:2)
  A howler monkey (D:4)
  An iguana (D:4)
  A worker ant (D:4)
  5 adders
  An adder skeleton (D:4)
  2 worms
  A dart slug (D:3)
  4 leopard geckos
  2 orcs
  6 giant cockroaches
  5 goblins
  2 hobgoblins (D:1)
  10 jackals
  A quokka (D:2)
  9 bats
  6 frilled lizards
  5 kobolds
  10 rats
74 creatures vanquished.

Notes
Turn   | Place    | Note
-------+----------+-------------------------------------------
     0 | D:1      | hubbardsc the Ogre Berserker began the quest for the Orb.
     0 | D:1      | Reached XP level 1. HP: 24/24 MP: 1/1
   197 | D:1      | Reached XP level 2. HP: 13/32 MP: 2/2
   545 | D:1      | Reached ** piety under Trog
   545 | D:1      | Reached XP level 3. HP: 33/40 MP: 3/3
   749 | D:2      | Reached XP level 4. HP: 40/49 MP: 4/4
  2027 | D:3      | Reached XP level 5. HP: 33/55 MP: 5/5
  2410 | D:3      | Noticed a hungry ghost
  2425 | D:3      | Killed a hungry ghost
  2425 | D:3      | Reached skill level 5 in Fighting
  2425 | D:3      | Reached XP level 6. HP: 46/66 MP: 6/6
  2716 | D:3      | Reached skill level 5 in Axes
  3418 | D:4      | Noticed Grinder
  3429 | D:4      | HP: 2/66 [orc/club (3)]
  3430 | D:4      | Gained mutation: You have sharp fingernails. [potion of
                  | mutation]
  3430 | D:4      | Gained mutation: You are clumsy. (Dex -2) [potion of
                  | mutation]
  3430 | D:4      | Gained mutation: You have large cloven feet. [potion of
                  | mutation]
  3430 | D:4      | Gained mutation: Your spells are a little harder to cast,
                  | but a little more powerful. [potion of mutation]
  3430 | D:4      | Slain by an orc wizard

Skill      XL: |  1  2  3  4  5  6 |
---------------+-------------------+-----
Dodging        | 3 4 |  4.5
Axes           | 4 5 |  5.3
Fighting       | 5 |  5.5
Stealth        | |  0.2

Action                   |  1- 3 |  4- 6 || total
-------------------------+-------+-------++-------
Melee: Hand axe          |   118 |   200 ||   318
Throw: Tomahawk          |       |     1 ||     1
Invok: Berserk           |       |     2 ||     2
  Use: Scroll            |     4 |     2 ||     6
       Potion            |     1 |     3 ||     4
  Eat: Chunk             |       |     3 ||     3
       Ration            |       |     4 ||     4
Armor: Animal skin       |    72 |    81 ||   153
Dodge: Dodged            |   124 |   200 ||   324
